 Dungeon Crawl Stone Soup version 0.23.1-37-gaa34b87 (webtiles) character file.

Game seed: 17651517001293168882

231 dhn the Chopper (level 5, 0/47 HPs)
             Began as a Minotaur Fighter on Mar 27, 2019.
             Succumbed to an orc wizard's poison
             ... on level 4 of the Dungeon.
             The game lasted 00:03:40 (3228 turns).

dhn the Chopper (Minotaur Fighter)                  Turns: 3228, Time: 00:03:40

Health: 0/47       AC:  7    Str: 21    XL:     5   Next: 73%
Magic:  4/4        EV:  7    Int:  5    God:
Gold:   196        SH:  9    Dex: 10    Spells: 4/4 levels left

rFire    . . .     SeeInvis .   a - +0 war axe
rCold    . . .     Gourm    .   c - +0 shield
rNeg     . . .     Faith    .   b - +0 scale mail
rPois    .         Spirit   .   (helmet restricted)
rElec    .         Reflect  .   (no cloak)
rCorr    .         Harm     .   (no gloves)
MR       .....                  (no boots)
Stlth    ..........             (no amulet)
HPRegen  0.15/turn              (no ring)
MPRegen  0.09/turn              (no ring)

@: lethally poisoned (0 -> -9), about to teleport, berserk cooldown, slowed,
very slow
A: retaliatory headbutt, horns 2
a: no special abilities


You were on level 4 of the Dungeon.
You were near starving.

You visited 1 branch of the dungeon, and saw 4 of its levels.

You collected 196 gold pieces.

Inventory:

Hand Weapons
 a - a +0 war axe (weapon)
Armour
 b - a +0 scale mail (worn)
 c - a +0 shield (worn)
Jewellery
 i - an uncursed ring of wizardry {unknown}
 l - an uncursed amulet of the gourmand
 n - an uncursed ring of magical power {unknown}
 p - an uncursed ring of magical power {unknown}
Wands
 q - a wand of iceblast (10)
Scrolls
 e - a scroll of remove curse
 g - 4 scrolls of identify
 h - a scroll of magic mapping
 m - a scroll of enchant weapon {unknown}
Potions
 d - a potion of might
Comestibles
 f - 5 rations


   Skills:
 + Level 4.6 Fighting
 + Level 5.2 Axes
 + Level 4.4 Armour
 + Level 0.5 Dodging
 + Level 0.2 Stealth
 + Level 4.6 Shields


You had 4 spell levels left.
You didn't know any spells.
Your spell library was empty.

Dungeon Overview and Level Annotations

Branches:
Dungeon (4/15)
 Temple: D:4-7

Altars:
Ashenzari
Gozag
Kikubaaqudgha
Xom
The Shining One

Shops:
D:2 *


Innate Abilities, Weirdness & Mutations

You reflexively headbutt those who attack you in melee.
You have a pair of horns on your head.


Message History

You feel yourself slow down.
Unknown command.
Okay, then.
As you read the scroll labeled CAMAEK ZOSOA, it crumbles to dust.
You feel blessed for a moment.
It was a scroll of remove curse.
* * * LOW HITPOINT WARNING * * *
You feel sick.
As you read the scroll labeled UPHIFFE PYONAS, it crumbles to dust.
It is a scroll of identify.
l - an uncursed amulet of the gourmand
* * * LOW HITPOINT WARNING * * *
You feel sick.
As you read the scroll labeled ONKANAI KENA, it crumbles to dust.
You feel aware of your surroundings.
You sensed 3 altars.
It was a scroll of magic mapping.
* * * LOW HITPOINT WARNING * * *
You feel sick.
As you read the scroll labeled WYFOOZXAOSS, it crumbles to dust.
You feel strangely unstable.
It was a scroll of teleportation.
You die...

...#.....# #.......,*****,,,,,,,
...##########......,,#****,,,,,,,
........##........,,..,,,,,****,,
........##.......,,...,,,,,**,,,,
........##......##...,,,,,,**,,,,
.<......#*.........,,,,.,,,,,,,,,
........#***#)).#**,,...,,,,,,,,,
........#####.).###.....,,,,,,,,,
..............).@......#****,,,,,
....................####****,,,,,
##..................#,,,,,,,,,,,,
....................#,,,,,,,,,,,,
....................#,,,,,,,,,,**
..........###.......#,,,,,,,,,,**
..........#*#.......#,,,,,,,,,,*
............#.......#,,,,,,,,,,**
............#,....,,*,,,,,,,,,,,,


There were no monsters in sight!

Vanquished Creatures
  An orc priest (D:4)
  A hound (D:4)
  An orc wizard (D:4)
  Jessica (D:3)
  A worker ant (D:4)
  4 adders
  3 worms
  A dart slug (D:2)
  2 leopard geckos (D:1)
  3 orcs (D:4)
  10 bats
  3 giant cockroaches
  3 goblins (D:3)
  3 jackals (D:4)
  7 kobolds
  A quokka (D:3)
  A ball python (D:3)
  2 frilled lizards
  A jackal skeleton (D:4)
  3 rats
  A bush (D:1)
  A plant (D:1)
54 creatures vanquished.

Notes
Turn   | Place    | Note
-------+----------+-------------------------------------------
     0 | D:1      | dhn the Minotaur Fighter began the quest for the Orb.
     0 | D:1      | Reached XP level 1. HP: 19/19 MP: 0/0
   599 | D:1      | Reached XP level 2. HP: 27/27 MP: 1/1
  1095 | D:2      | Reached skill level 3 in Axes
  1096 | D:2      | Reached XP level 3. HP: 33/33 MP: 2/2
  1691 | D:2      | Found a glowing golden altar of the Shining One.
  1727 | D:2      | Found Gozag's Platinum Reserve.
  1822 | D:2      | Found a shattered altar of Ashenzari.
  1823 | D:2      | Found an opulent altar of Gozag.
  1931 | D:3      | Found an ancient bone altar of Kikubaaqudgha.
  2051 | D:3      | Noticed Jessica
  2056 | D:3      | Killed Jessica
  2056 | D:3      | Reached XP level 4. HP: 31/41 MP: 3/3
  2215 | D:3      | Found a glowing silver altar of Zin.
  2217 | D:3      | Found a burning altar of Makhleb.
  2217 | D:3      | Found a shadowy altar of Dithmenos.
  2219 | D:3      | Found a radiant altar of Vehumet.
  2219 | D:3      | Found a shimmering altar of Xom.
  2219 | D:3      | Found a glowing silver altar of Zin.
  2619 | D:4      | Reached skill level 4 in Axes
  2906 | D:4      | Reached XP level 5. HP: 41/47 MP: 4/4
  2937 | D:4      | Noticed an ogre
  3218 | D:4      | Reached skill level 5 in Axes
  3226 | D:4      | HP: 2/47 [poisoned by an orc wizard]
  3228 | D:4      | Succumbed to an orc wizard's poison

Skill      XL: |  1  2  3  4  5 |
---------------+----------------+-----
Fighting       | 4 |  4.6
Axes           | 3 4 5 |  5.2
Shields        | 4 |  4.6
Armour         | 4 |  4.4
Dodging        | |  0.5
Stealth        | |  0.2

Action                   |  1- 3 |  4- 6 || total
-------------------------+-------+-------++-------
Melee: War axe           |   139 |    58 ||   197
       Headbutt          |    31 |    13 ||    44
  Use: Scroll            |       |     4 ||     4
       Potion            |       |     3 ||     3
  Eat: Chunk             |     2 |     4 ||     6
Armor: Scale mail        |    48 |    31 ||    79
Dodge: Dodged            |    27 |    19 ||    46
Block: Shield            |    49 |    35 ||    84
